 Dungeon Crawl Stone Soup version 0.20-a0-350-ga83eecc (webtiles) character file.

160 TheGoonsmith the Ducker (level 5, -1/41 HPs)
             Began as a Merfolk Gladiator on Dec 25, 2016.
             Was a Follower of Dithmenos.
             Slain by an orc wizard
             ... wielding a +0 dagger
              (4 damage)
             ... on level 3 of the Dungeon.
             The game lasted 00:03:38 (2354 turns).

TheGoonsmith the Ducker (Merfolk Gladiator)         Turns: 2354, Time: 00:03:38

Health: -1/41      AC:  4    Str: 15    XL:     5   Next: 41%
Magic:  5/5        EV: 15    Int:  8    God:    Dithmenos [*.....]
Gold:   69         SH:  0    Dex: 15    Spells: 4/4 levels left

rFire  . . .     SeeInvis .     a - +0 long sword
rCold  . . .     Gourm    .     b - +0 leather armour
rNeg   . . .     Faith    .     (no shield)
rPois  .         Spirit   .     c - +0 helmet
rElec  .         Reflect  .     (no cloak)
rCorr  .         Harm     .     (no gloves)
MR     .....                    (no boots)
Stlth  +.........               (no amulet)
                                (no ring)
                                (no ring)

@: wreathed by umbra
A: change form in water, swift swim, stealthy swim
a: Renounce Religion


You were on level 3 of the Dungeon.
You worshipped Dithmenos.
Dithmenos was aware of your devotion.
You were not hungry.

You visited 1 branch of the dungeon, and saw 3 of its levels.

You collected 69 gold pieces.

Inventory:

Hand Weapons
 a - a +0 long sword (weapon)
Missiles
 d - 3 throwing nets (quivered)
 m - 18 poisoned needles
Armour
 b - a +0 leather armour (worn)
 c - a +0 helmet (worn)
Scrolls
 e - a scroll of identify {unknown}
 i - a scroll of magic mapping {unknown}
 j - 2 scrolls of remove curse
Potions
 k - a potion of curing {unknown}
Comestibles
 f - 2 bread rations
 g - a royal jelly
 h - 2 meat rations


   Skills:
 + Level 3.5 Fighting
 * Level 5.0 Long Blades
 - Level 2.0 Throwing
 + Level 5.4 Dodging


You had 4 spell levels left.
You didn't know any spells.

Dungeon Overview and Level Annotations

Branches:
Dungeon (3/15)

Altars:
Cheibriados
Dithmenos
Elyvilon
Fedhas
Hepliaklqana
Kikubaaqudgha
Ru

Annotations:
D:2 Sigmund


Message History

The puff of flame hits you!
* * * LOW HITPOINT WARNING * * *
The orc wizard hits you with a dagger.
* * * LOW HITPOINT WARNING * * *
You hit the orc wizard.
The orc wizard is heavily wounded.
The orc wizard hits you with a dagger.
* * * LOW HITPOINT WARNING * * *
You hit the orc wizard.
The orc wizard is severely wounded.
The orc wizard barely misses you.
The orc wizard looks braver for a moment.
You barely miss the orc wizard.
The orc wizard is severely wounded.
The orc wizard closely misses you. The orc wizard hits you with a dagger.
* * * LOW HITPOINT WARNING * * *
You barely miss the orc wizard.
The orc wizard is severely wounded.
The orc wizard misses you. The orc wizard hits you with a dagger.
You die...

.###################
.........##.........
.........##.#################
......)..##.#..#.............
.........##.##.#.############
...........o@..#...#.......##
.........######....#.#####.##
.........#.........#.#...#.##
...%.....#.####....#.#.#.....
.........#.# #....#.#.#.....
.#.#######.# #....#.#.#.....
#. #####.####....#.#.#.#)##
#........#....#.#.#.#.#
#........#....#.#.#.#.##


You could see an orc wizard.

Vanquished Creatures
  An orc wizard (D:3)
  5 adders
  3 gnolls (D:3)
  An ooze (D:1)
  A worm (D:3)
  A dart slug (D:3)
  A leopard gecko (D:2)
  7 orcs (D:3)
  6 bats
  A giant cockroach (D:1)
  6 goblins
  3 hobgoblins
  A ball python (D:1)
  3 frilled lizards
  6 kobolds
  5 rats
51 creatures vanquished.

Notes
Turn   | Place    | Note
-------+----------+-------------------------------------------
     0 | D:1      | TheGoonsmith the Merfolk Gladiator began the quest for the Orb.
     0 | D:1      | Reached XP level 1. HP: 16/16 MP: 1/1
   125 | D:1      | Reached XP level 2. HP: 22/23 MP: 2/2
   946 | D:2      | Reached XP level 3. HP: 28/28 MP: 3/3
  1073 | D:2      | Found a snail-covered altar of Cheibriados.
  1073 | D:2      | Found a shadowy altar of Dithmenos.
  1075 | D:2      | Found a white marble altar of Elyvilon.
  1075 | D:2      | Found a sacrificial altar of Ru.
  1075 | D:2      | Found an ancient bone altar of Kikubaaqudgha.
  1077 | D:2      | Found a blossoming altar of Fedhas.
  1078 | D:2      | Found a hazy altar of Hepliaklqana.
  1088 | D:2      | Became a worshipper of Dithmenos the Shadowed
  1147 | D:2      | Noticed Sigmund
  1372 | D:3      | Reached XP level 4. HP: 28/34 MP: 4/4
  1417 | D:3      | Reached * piety under Dithmenos
  1417 | D:3      | Reached skill level 5 in Dodging
  1837 | D:3      | Reached XP level 5. HP: 32/41 MP: 5/5
  1884 | D:2      | HP: 2/41 [poisoned by an adder]
  2344 | D:3      | Reached skill level 5 in Long Blades
  2354 | D:3      | Slain by an orc wizard

Vault maps used:
D:1:      scummos_arrival_simple_crosswalls, st_stairs_5, dk_noncrumbling_3
D:2:      grunt_temple_overflow_open, first_bread, uniq_sigmund

Skill      XL: |  1  2  3  4  5 |
---------------+----------------+-----
Long Blades    | 4 5 |  5.0
Fighting       | 3 |  3.5
Dodging        | 5 |  5.4
Throwing       | |  2.0

Action                   |  1- 3 |  4- 6 || total
-------------------------+-------+-------++-------
Melee: Long sword        |    76 |    62 ||   138
  Use: Scroll            |     4 |       ||     4
       Potion            |       |     2 ||     2
 Stab: Distracted        |       |     1 ||     1
  Eat: Chunk             |     2 |     3 ||     5
Armor: Leather armour    |    18 |     7 ||    25
       Skin              |       |     5 ||     5
Dodge: Dodged            |    73 |    52 ||   125
       Rpst.: Long sword |    26 |    13 ||    39
